 Dungeon Crawl Stone Soup version 0.28.0 (webtiles) character file.

Game seed: 7190784740636960028

8565 dolemite99 the Spear-Bearer (level 11, 0/104 HPs)
             Began as a Minotaur Fighter on Feb 6, 2022.
             Was a Believer of Ashenzari.
             Killed by divine providence
             ... invoked by a smoke demon
              (11 damage)
             ... on level 2 of the Abyss.
             The game lasted 00:19:47 (14080 turns).

dolemite99 the Spear-Bearer (Minotaur Fighter)     Turns: 14080, Time: 00:19:48

Health: 0/104      AC: 23    Str: 22    XL:     11   Next: 11%
Magic:  10/10      EV:  7    Int:  5    God:    Ashenzari [**....]
Gold:   378        SH:  5    Dex: 11    Spells: 10/10 levels left

rFire   . . .      SeeInvis +   b - +2 hunting sling (vorpal)
rCold   . . .      Faith    .   c - +0 buckler
rNeg    . . .      Spirit   .   J - +0 plate armour
rPois   +          Reflect  .   (helmet restricted)
rElec   .          Harm     .   A - +1 cloak "Distant Portent" {Comp, Range} (curse)
rCorr   .          Rampage  .   C - +2 pair of gloves "Restrained Together" {Fort, Self} (curse)
Will    +....                   o - +0 pair of boots
Stlth   ..........              (no amulet)
HPRegen 0.27/turn               z - ring of the Shattered Disgust {rPois Will+ Dex-2 Slay+4, =R, Fort, Comp} (curse)
MPRegen 0.12/turn               y - ring of see invisible

@: no status effects
A: horns 2, retaliatory headbutt
a: Renounce Religion, Curse Item, Shatter the Chains


You were on level 2 of the Abyss.
You worshipped Ashenzari.
Ashenzari was pleased with you.
You visited 2 branches of the dungeon, and saw 10 of its levels.
You visited the Abyss 1 time.

You collected 494 gold pieces.
You spent 104 gold pieces at shops.
You donated 12 gold pieces to Zin.

Inventory:

Hand Weapons
 a - a +1 vorpal trident
 b - a +2 vorpal hunting sling (weapon)
 q - a +0 whip of distortion
 v - a +2 whip of venom
 B - a +0 vorpal hand axe
 G - a +2 antimagic war axe
Missiles
 d - a throwing net
 e - 366 stones
 g - 22 poisoned darts
 H - 10 curare-tipped darts
 M - 157 arrows
 O - 47 sling bullets (quivered ammo)
Armour
 c - a +0 buckler (worn)
 o - a +0 pair of boots (worn)
 A - the cursed +1 cloak "Distant Portent" (worn) {Comp, Range}
   (You took it off Crazy Yiuf on level 6 of the Dungeon)

   It has a curse which improves the following skills: Companions: Summonings
   and Necromancy.
   Ranged Combat: Slings, Bows, Crossbows and Throwing.
 C - the cursed +2 pair of gloves "Restrained Together" (worn) {Fort, Self}
   (You found it on level 5 of the Dungeon)

   It has a curse which improves the following skills: Fortitude: Armour and
   Shields.
   Introspection: Fighting and Spellcasting.
 F - the +1 ring mail "Nocwaycy" {Dex+5}
   (You found it on level 7 of the Dungeon)

   Dex:       It affects your dexterity (+5).
 J - a +0 plate armour (worn)
 L - a +0 cloak
Jewellery
 i - an amulet of the acrobat
 n - an amulet of guardian spirit
 y - a ring of see invisible (right hand)
 z - the cursed ring of the Shattered Disgust (left hand) {rPois Will+ Dex-2 Slay+4, =R, Fort, Comp}
   (You acquired it on level 5 of the Dungeon)

   [ring of slaying]

   Dex:       It affects your dexterity (-2).
   Slay:      It affects your accuracy & damage with ranged weapons and melee
   (+4).
   rPois:     It protects you from poison.
   Will:      It increases your willpower.
   It has a curse which improves the following skills: Fortitude: Armour and
   Shields.
   Companions: Summonings and Necromancy.
 D - a ring of poison resistance
Wands
 j - a wand of polymorph (15)
 w - a wand of flame (52)
 E - a wand of digging (12)
 I - a wand of charming (5)
 P - a wand of iceblast (1)
Scrolls
 f - 4 scrolls of fear
 l - 5 scrolls of vulnerability
 m - a scroll of torment
 p - 2 scrolls of teleportation
 K - 2 scrolls of blinking
 N - a scroll of summoning
 Q - a scroll of magic mapping
Potions
 h - 3 potions of curing
 k - a potion of magic
 r - a potion of brilliance
 s - 2 potions of flight
 t - 2 potions of attraction
 u - 2 potions of cancellation
 x - a potion of haste


   Skills:
 + Level 10.4(11.6) Fighting
 - Level 14.8 Polearms
 - Level 2.5(4.2) Slings
 - Level 3.0(4.4) Throwing
 + Level 10.0(11.9) Armour
 - Level 3.6(5.3) Shields


You had 10 spell levels left.
You didn't know any spells.
Your spell library was empty.

Dungeon Overview and Level Annotations

Branches:
Dungeon (9/15)             Temple (1/1) D:5            Lair (0/6) D:9
    Orc: D:9-12

Altars:
Ashenzari
Cheibriados
Dithmenos
Elyvilon
Fedhas
Gozag
Hepliaklqana
Kikubaaqudgha
Makhleb
Nemelex Xobeh
Okawaru
Qazlal
Ru
Sif Muna
Trog
Uskayaw
Vehumet
Wu Jian
Yredelemnul
Zin
The Shining One

Shops:
D:6 !   D:9 *

Annotations:
D:7 3 runed translucent doors, Ironcache's ghost, novice DgCj


Innate Abilities, Weirdness & Mutations

You have a pair of horns on your head.
You reflexively headbutt those who attack you in melee.


Message History

Really attack while wielding your +2 vorpal hunting sling?
You clumsily bash the spatial vortex.
You headbutt the spatial vortex.
The spatial vortex is heavily damaged.
The quasit bites you but does no damage.
The quasit claws you but does no damage.
The quasit barely misses you.
The quasit bites you but does no damage.
The quasit closely misses you.
The quasit claws you but does no damage. 2 spatial vortices come into view.
Unknown command.
You barely miss the spatial vortex. You headbutt the spatial vortex!
The spatial vortex is moderately damaged.
The spatial maelstrom hits you!
* * * LOW HITPOINT WARNING * * *
Space warps around you.
* * * LOW HITPOINT WARNING * * *
The spatial maelstrom closely misses you.
The quasit bites you but does no damage.
The quasit claws you but does no damage. x2
The quasit bites you but does no damage.
The quasit claws you but does no damage. x2
The spatial maelstrom hits you but does no damage. x2
A spatial vortex comes into view.
The smoke demon gestures at you. Something smites you!
* * * LOW HITPOINT WARNING * * *
The quasit bites you but does no damage.
The quasit claws you but does no damage. x2
The small abomination hits you!
* * * LOW HITPOINT WARNING * * *
You feel better.
The quasit bites you but does no damage.
You block the quasit's attack.
The quasit claws you but does no damage.
The small abomination barely misses you.
You furiously retaliate!
You headbutt the small abomination. The smoke demon gestures at you.
Something smites you!
You die...

* ## , , , # ##.# #.
, . . *#..#, ,* #.. *
#.#.## ##.., # #... #
,, ...#.##..###..#
#,... ,
#...#...##..#.##...,*
,,#...#..v...#...#.#.
* * {#.5..3v#.#. ...#
, * , #@x.....#...#,
*# ,
*##v####....#.... . *
, , , ..v,.#...## # ,
,.....# v..###. . *
....v#...## ## .
,,.....#.v...#... , ,
#.#.##.#.##.,. . , *
* ############. . , ,
, , #. .


You could see a spatial maelstrom, 4 spatial vortices, a smoke demon, a small
abomination and a quasit.

Vanquished Creatures
  4 two-headed ogres
  Prince Ribbit (D:8)
  A hornet (D:5)
  4 yaks
  3 wyverns
  3 steam dragons
  Menkaure (D:3)
  5 water moccasins
  An ice beast (D:7)
  2 orc warriors
  A sky beast (D:7)
  A hornet zombie (D:8)
  A black bear (D:9)
  6 ogres
  3 centaurs
  A phantom (D:6)
  2 kobold brigands
  5 bullfrogs
  A gnoll sergeant (D:9)
  5 scorpions
  A wyvern skeleton (D:7)
  3 killer bees (D:8)
  3 howler monkeys (D:7)
  An electric eel (D:8)
  2 centaur zombies (D:6)
  A bullfrog zombie (D:5)
  A centaur skeleton (D:5)
  A gnoll shaman (D:8)
  8 orc priests
  Crazy Yiuf (D:6)
  2 hounds (D:5)
  Ijyb (D:4)
  Natasha (thrice) (D:3)
  16 orc wizards
  An iguana (D:6)
  A howler monkey zombie (D:7)
  9 gnolls
  3 adders
  A shadow imp (D:5)
  3 white imps
  An ufetubus (D:5)
  An adder skeleton (D:4)
  A worm (D:3)
  4 dart slugs
  39 orcs
  5 endoplasms
  2 giant cockroaches (D:4)
  13 goblins
  10 hobgoblins
  5 jackals
  5 quokkas
  9 ball pythons
  2 bats
  5 frilled lizards
  A jackal skeleton (D:4)
  16 kobolds
  8 rats
  A spectral hobgoblin (D:1)
241 creatures vanquished.

Vanquished Creatures (others)
  38 fungi (D:9)
  48 plants (D:9)
86 creatures vanquished.

Grand Total: 327 creatures vanquished

Notes
Turn   | Place    | Note
-------+----------+-------------------------------------------
     0 | D:1      | dolemite99 the Minotaur Fighter began the quest for the
                  | Orb.
     0 | D:1      | Reached XP level 1. HP: 19/19 MP: 0/0
   190 | D:1      | Reached skill level 3 in Polearms
   284 | D:1      | Reached XP level 2. HP: 22/26 MP: 1/1
   514 | D:1      | Reached skill level 4 in Polearms
   525 | D:1      | Found a faded altar of an unknown god.
   534 | D:1      | Prayed at the altar of an unknown god.
   534 | D:1      | Became a worshipper of Zin the Law-Giver
   534 | D:1      | Reached * piety under Zin
   662 | D:1      | Reached XP level 3. HP: 31/31 MP: 2/2
  1324 | D:3      | Noticed Natasha
  1747 | D:2      | Reached skill level 5 in Polearms
  2217 | D:2      | Reached XP level 4. HP: 38/39 MP: 3/3
  2502 | D:2      | Reached skill level 6 in Polearms
  3453 | D:3      | Reached XP level 5. HP: 45/45 MP: 4/4
  3606 | D:3      | Killed Natasha
  3607 | D:3      | Reached skill level 7 in Polearms
  3809 | D:3      | Noticed Natasha
  3817 | D:3      | Killed Natasha
  3863 | D:3      | Noticed Natasha
  4080 | D:3      | Killed Natasha
  4240 | D:3      | Reached XP level 6. HP: 43/51 MP: 5/5
  4533 | D:3      | Reached skill level 8 in Polearms
  4821 | D:4      | Noticed Menkaure
  4835 | D:3      | Killed Menkaure
  5272 | D:4      | Reached skill level 9 in Polearms
  5272 | D:4      | Reached XP level 7. HP: 39/57 MP: 6/6
  5828 | D:4      | Reached skill level 10 in Polearms
  5955 | D:4      | Noticed Ijyb
  5968 | D:4      | Killed Ijyb
  6350 | D:5      | Entered Level 5 of the Dungeon
  6729 | D:5      | Found a staircase to the Ecumenical Temple.
  6739 | Temple   | Entered the Ecumenical Temple
  6839 | Temple   | Fell from the grace of Zin
  6839 | Temple   | Became a worshipper of Ashenzari the Shackled
  7188 | D:5      | Identified a scroll of acquirement
  7188 | D:5      | Acquired the ring "Kaekhil" {rPois Will+ Dex-2 Slay+4}
  7391 | D:5      | Reached skill level 11 in Polearms
  7737 | D:5      | Reached XP level 8. HP: 64/64 MP: 7/7
  8210 | D:5      | Noticed a hornet
  8218 | D:5      | Killed a hornet
  8219 | D:5      | Reached skill level 12 in Polearms
  8585 | D:6      | Reached skill level 13 in Polearms
  9065 | D:6      | Found Diost's Distillery.
  9178 | D:6      | Reached skill level 14 in Polearms
  9178 | D:6      | Reached XP level 9. HP: 70/70 MP: 8/8
  9612 | D:6      | Reached * piety under Ashenzari
  9916 | D:6      | Found a runed translucent door.
  9917 | D:6      | Noticed Crazy Yiuf
  9924 | D:6      | Killed Crazy Yiuf
 10221 | D:7      | Reached skill level 5 in Fighting
 10227 | D:7      | Found a runed translucent gate.
 10227 | D:7      | Found a runed translucent gate.
 10227 | D:7      | Found a runed translucent gate.
 10448 | D:7      | Noticed Ironcache's ghost (novice DgCj)
 10506 | D:7      | Identified the +1 ring mail "Nocwaycy" {Dex+5}
 10632 | D:7      | Reached skill level 5 in Armour
 10729 | D:7      | Reached ** piety under Ashenzari
 10740 | D:7      | Reached skill level 1 in Throwing
 11214 | D:8      | Noticed Prince Ribbit
 11421 | D:8      | Reached XP level 10. HP: 88/88 MP: 9/9
 11474 | D:8      | Reached skill level 1 in Slings
 11487 | D:8      | Killed Prince Ribbit
 11916 | D:8      | Noticed a two-headed ogre
 11930 | D:8      | Killed a two-headed ogre
 13197 | D:9      | Noticed a two-headed ogre
 13207 | D:9      | Killed a two-headed ogre
 13364 | D:9      | Noticed a two-headed ogre
 13376 | D:9      | Killed a two-headed ogre
 13556 | D:9      | Reached skill level 10 in Fighting
 13586 | D:9      | Reached XP level 11. HP: 102/102 MP: 10/10
 13690 | D:9      | Found Heprotez's Elemental Accessories.
 13706 | D:9      | Bought a wand of iceblast (4) for 104 gold pieces
 13720 | D:9      | Found a staircase to the Lair.
 13770 | D:9      | Noticed a two-headed ogre
 13776 | D:9      | Killed a two-headed ogre
 13777 | D:9      | Reached skill level 10 in Armour
 13950 | D:9      | Noticed a wizard
 13953 | D:9      | Cast into level 2 of the Abyss (a wizard)
 14022 | Abyss:2  | Noticed a thrashing horror
 14038 | Abyss:2  | Noticed a spatial maelstrom
 14079 | Abyss:2  | HP: 2/104 [small abomination (9)]
 14080 | Abyss:2  | Killed from afar by a smoke demon

Illustrated notes

Levels and vault maps discovered:
D:1:      dpeg_arrival_arbitrary_a, layout_basic,
          dreamdust_ecumenical_altar_drowned_temple
D:2:      minmay_general_purpose_star, layout_rooms, kennysheep_doodads,
          hangedman_decor_push, corner_web_ring
D:3:      layout_basic, uniq_natasha
D:4:      layout_cave_pools, uniq_menkaure, uniq_ijyb
D:5:      layout_cave_pods, minmay_temple_entry_sparse_star,
          serial_column_ruins, column_ruins_hut, column_ruins_open_medium,
          column_ruins_columns_straight, column_ruins_open_medium,
          column_ruins_open_small_water, column_ruins_columns_T
D:6:      layout_cave_pods, serial_shops, nicolae_take_the_stairs,
          minmay_chambers_of_fives, uniq_crazy_yiuf_cottage
D:7:      layout_cave_pools, gammafunk_ghost_icy, lightli_orcish_oven
D:8:      layout_rooms, kennysheep_donut, corexii_checkpoint_a,
          serial_bayou_crossing, uniq_prince_ribbit1
D:9:      layout_small_grid, due_lair_maze_entry_diamond,
          nicolae_elemental_shop, minmay_librarian
Temple:   compressed_dpeg_triangle_lava_temple
Abyss:2:  base: D:3, hangedman_abyss_mock_shop, bh_silent_lugonu_exit

Skill      XL: |  1  2  3  4  5  6  7  8  9 10 11 |
---------------+----------------------------------+-----
Polearms       | 3 4 5 6 7 9 11 14 | 14.8
Fighting       | 6 10 | 10.4
Armour         | 6 9 10 | 10.0
Throwing       | 3 |  3.0
Slings         | 2 |  2.5
Shields        | |  3.6

Action                   |  1- 3 |  4- 6 |  7- 9 | 10-12 || total
-------------------------+-------+-------+-------+-------++-------
Melee: Trident           |    96 |   132 |   344 |    64 ||   636
       Headbutt          |    12 |    11 |    55 |    13 ||    91
       Unarmed           |       |     3 |       |       ||     3
       Hunting sling     |       |       |       |     2 ||     2
 Fire: Hunting sling     |       |       |       |   108 ||   108
Throw: Stone             |    37 |    21 |    33 |     8 ||    99
       Dart              |       |       |    66 |     1 ||    67
Invok: Curse Item        |       |       |     3 |       ||     3
Evoke: Wand              |       |       |     1 |     8 ||     9
  Use: Potion            |       |     2 |     3 |     6 ||    11
       Scroll            |       |       |    15 |     1 ||    16
 Stab: Invisible         |       |       |     2 |     3 ||     5
Armor: Scale mail        |    26 |    49 |    13 |       ||    88
       Skin              |       |     2 |       |       ||     2
       Chain mail        |       |       |    53 |       ||    53
       Plate armour      |       |       |    29 |    74 ||   103
Dodge: Dodged            |    34 |    30 |    46 |    32 ||   142
Block: Buckler           |    19 |    18 |    48 |    22 ||   107
